 Dungeon Crawl Stone Soup version 0.23-a0-108-gf7ee2ed (webtiles) character file.

65 lalalala the Skirmisher (level 3, 0/29 HPs)
             Began as a Demonspawn Abyssal Knight on Aug 21, 2018.
             Was a Follower of Lugonu.
             Slain by a jackal (1 damage)
             ... on level 2 of the Dungeon.
             The game lasted 00:10:20 (1222 turns).

lalalala the Skirmisher (Demonspawn Abyssal Knight) Turns: 1222, Time: 00:10:21

Health: 0/29       AC:  3    Str: 13    XL:     3   Next: 94%
Magic:  5/5        EV: 11    Int: 13    God:    Lugonu [*.....]
Gold:   22         SH:  4    Dex: 12    Spells: 2/2 levels left

rFire    . . .     SeeInvis .   a - +2 mace
rCold    . . .     Gourm    .   (no shield)
rNeg     . . .     Faith    .   b - +0 leather armour
rPois    .         Spirit   .   (no helmet)
rElec    .         Reflect  +   (no cloak)
rCorr    .         Harm     .   (no gloves)
MR       .....                  (no boots)
Stlth    ..........             g - +4 amulet of reflection
HPRegen  0.09/turn              k - ring of attention (curse)
MPRegen  0.09/turn              (no ring)

@: no status effects
A: hooves 1, demonic guardian 1, mutation resistance 1
a: Depart the Abyss, Renounce Religion


You were on level 2 of the Dungeon.
You worshipped Lugonu.
Lugonu was aware of your devotion.
You were not hungry.

You visited 1 branch of the dungeon, and saw 2 of its levels.
You visited the Abyss 1 time.

You collected 22 gold pieces.

Inventory:

Hand Weapons
 a - a +2 mace (weapon)
Missiles
 e - 51 stones
 f - 8 arrows (quivered)
Armour
 b - a +0 leather armour (worn)
Jewellery
 g - a +4 amulet of reflection (around neck)
 j - an uncursed ring of stealth {unknown}
 k - a cursed ring of attention (left hand)
Scrolls
 d - a scroll of identify
Comestibles
 c - 4 rations
 i - 3 chunks of flesh


   Skills:
 + Level 3.3 Fighting
 + Level 2.9 Maces & Flails
 + Level 2.1 Armour
 + Level 1.6 Dodging
 + Level 0.2 Stealth
 + Level 2.7 Invocations


You had 2 spell levels left.
You didn't know any spells.
Your spell library was empty.

Dungeon Overview and Level Annotations

Branches:
Dungeon (2/15)

Altars:
Cheibriados


Innate Abilities, Weirdness & Mutations

You have large cloven feet.
A weak demonic guardian rushes to your aid.
You are somewhat resistant to further mutation.


Message History

The frilled lizard misses you.
The hobgoblin hits your ufetubus with a club.
Your ufetubus hits the hobgoblin.
The hobgoblin dies!
Lugonu accepts your kill.
The frilled lizard closely misses your ufetubus.
Your ufetubus barely misses the frilled lizard.
Your ufetubus misses the frilled lizard.
Your ufetubus hits the frilled lizard.
The frilled lizard dies!
Lugonu accepts your kill.
A jackal comes into view.
Your ufetubus misses the jackal. Your ufetubus hits the jackal. x2
Your ufetubus closely misses the jackal.
The jackal bites you.
* * * LOW HITPOINT WARNING * * *
You hit the jackal but do no damage.
The jackal is severely wounded.
The jackal closely misses you. The jackal bites you.
You die...

#.#...... #.#.##..#
.... ....
###########.####...
#..................
#..h5...h...## ....
#.@h.........###†.#
#..................
#.....)).%###.###.#
########..# #.# #..
##.# #+###..
....+_###..
..###+###.. ...#
#.. ...# #..


You could see 3 jackals and a friendly ufetubus.

Vanquished Creatures
  An adder (D:2)
  A dart slug (D:2)
  2 leopard geckos (D:1)
  4 bats
  2 giant cockroaches (D:1)
  5 hobgoblins (D:1)
  2 kobolds
  A ball python (D:1)
  2 frilled lizards (D:1)
  5 goblins
  6 rats
31 creatures vanquished.

Vanquished Creatures (collateral kills)
  A howler monkey (D:2)
  A giant cockroach (D:2)
  A hobgoblin (D:2)
  A frilled lizard (D:2)
4 creatures vanquished.

Vanquished Creatures (others)
  A starspawn tentacle (Abyss:1)
1 creature vanquished.

Grand Total: 36 creatures vanquished

Notes
Turn   | Place    | Note
-------+----------+-------------------------------------------
     0 | Abyss:1  | lalalala the Demonspawn Abyssal Knight began the quest for the Orb.
     0 | Abyss:1  | Reached XP level 1. HP: 18/18 MP: 2/2
    35 | Abyss:1  | Noticed a flying skull
    37 | Abyss:1  | Noticed a tentacled starspawn
    41 | D:1      | Escaped the Abyss
   278 | D:1      | Reached skill level 1 in Dodging
   358 | D:1      | Gained mutation: You have large cloven feet. [demonic ancestry]
   358 | D:1      | Reached XP level 2. HP: 17/24 MP: 3/3
   432 | D:1      | Reached * piety under Lugonu
  1111 | D:2      | Gained mutation: A weak demonic guardian rushes to your aid. [demonic ancestry]
  1111 | D:2      | Reached XP level 3. HP: 27/29 MP: 5/5
  1189 | D:2      | Found a snail-covered altar of Cheibriados.
  1217 | D:2      | Gained mutation: You are somewhat resistant to further mutation. [potion of mutation]
  1220 | D:2      | HP: 1/29 [jackal (2)]
  1222 | D:2      | Slain by a jackal

Vault maps used:
D:1:      dpeg_arrival_rooms_b
D:2:      lemuel_doored_altar, first_ration, uniq_robin
Abyss:1:  evilmike_abyss_exit_vortex

Skill      XL: |  1  2 |
---------------+-------+-----
Dodging        | 1 |  1.6
Maces & Flails | 2 |  2.9
Armour         | 2 |  2.1
Fighting       | |  3.3
Stealth        | |  0.2
Invocations    | |  2.7

Action                   || total
-------------------------++-------
Melee: Mace              ||   112
       Kick              ||    12
Throw: Stone             ||     3
Invok: Depart the Abyss  ||     1
  Use: Scroll            ||     7
       Potion            ||     1
  Eat: Chunk             ||     1
Armor: Leather armour    ||    36
Dodge: Dodged            ||    80
Block: Other             ||    15

Table legend:
 A = Non-vault XP
 B = Vault XP
 C = Vault XP percentage of total XP
 D = Non-vault monster count
 E = Vault monster count
 F = Vault count percentage of total count
                 A         B        C        D         E       F
            +---------+---------+-------+---------+---------+-------
      Total |      94 |       0 |   0.0 |      35 |       0 |   0.0
            +---------+---------+-------+---------+---------+-------
        D:1 |      40 |       0 |   0.0 |      24 |       0 |   0.0
        D:2 |      54 |       0 |   0.0 |      11 |       0 |   0.0
            +---------+---------+-------+---------+---------+-------
